AoeStats
← Red Calypso

Lombardia

508339082Analyzed
4v4 RM · 10d ago on Sep 22, 2026· 40m 4s· 8 players
Game mode
Random Map
Map size
Large (8 player)
Population
200
Speed
Normal
Resources
Standard
Victory
Conquest
Starting age
Dark Age
Ending age
Imperial Age
RankedLock teamsTeams togetherTeam positionsShared explorationLock speedFull tech treeHidden civsTurbo modeCheats
Victory
Defeat
🇨🇱 Tatars · Chile
1728
+5
🇪🇸 Hindustanis · Spain
1705
+6
🇦🇷 Magyars · Argentina
1136
+26
🇦🇷 Poles · Argentina
1032
+27
🇩🇪 Cumans · Germany
1454
-18
🇵🇪 Chinese · Peru
1427
-17
🇦🇹 Mongols · Austria
1411
-16
🇨🇴 Muisca · Colombia
1333
-13
Acido
8:05 Loom
10:36 Feudal Age
15:27 Castle Age
13:48 Double-Bit Axe
18:20 Horse Collar
22:14 Wheelbarrow
23:19 Bow Saw
23:40 Heavy Plow
23:46 Gold Mining
26:30 Hand Cart
27:00 Gold Shaft Mining
27:34 Stone Mining
30:41 Imperial Age
30:49 Imperial Age
28:39 Hand Cart
28:47 Scale Barding Armor
28:53 Forging
30:12 Chain Barding Armor
30:26 Bloodlines
30:16 Husbandry
31:04 Heavy Camel Rider
32:20 Plate Barding Armor
32:21 Iron Casting
33:06 Imperial Camel Rider
35:47 Conscription
36:41 Blast Furnace
David Rasie
9:07 Loom
11:28 Feudal Age
12:05 Double-Bit Axe
16:48 Castle Age
14:42 Horse Collar
15:36 Fletching
17:39 Bow Saw
17:26 Bodkin Arrow
20:16 Gold Mining
20:56 Padded Archer Armor
21:01 Husbandry
22:03 Bloodlines
25:33 Wheelbarrow
25:46 Padded Archer Armor
28:21 Ballistics
28:51 Town Watch
32:31 Leather Archer Armor
34:31 Heavy Plow
38:21 Hand Cart
42:41 Imperial Age
EL TOPO YIYO
1:26 Loom
9:42 Feudal Age
19:02 Wheelbarrow
24:06 Castle Age
24:22 Bloodlines
24:08 Gold Mining
24:08 Double-Bit Axe
25:19 Husbandry
25:30 Scale Barding Armor
28:13 Chain Barding Armor
41:38 Imperial Age
Eman3007
10:05 Loom
12:45 Feudal Age
17:26 Castle Age
15:42 Double-Bit Axe
16:08 Horse Collar
18:35 Bow Saw
22:55 Wheelbarrow
23:35 Heavy Plow
25:26 Gold Mining
25:27 Stone Mining
27:43 Stone Shaft Mining
30:21 Imperial Age
28:31 Hand Cart
28:01 Town Watch
28:43 Szlachta Privileges
29:39 Scale Barding Armor
30:20 Bloodlines
30:10 Husbandry
30:32 Forging
30:46 Chain Barding Armor
30:29 Cavalier
33:01 Iron Casting
32:59 Crop Rotation
35:13 Blast Furnace
38:48 Fletching
38:58 Padded Archer Armor
39:20 Lechitic Legacy
39:21 Conscription
39:24 Lechitic Legacy
Red Calypso
6:43 Loom
8:41 Feudal Age
15:06 Double-Bit Axe
18:40 Stone Mining
18:33 Horse Collar
21:43 Castle Age
19:44 Gold Mining
21:11 Fletching
21:22 Padded Archer Armor
23:22 Bodkin Arrow
29:08 Ballistics
29:03 Husbandry
29:15 Bloodlines
29:54 Thumb Ring
32:24 Wheelbarrow
32:21 Leather Archer Armor
34:28 Heavy Plow
38:10 Gold Shaft Mining
38:10 Stone Shaft Mining
LukasPlanet
6:52 Loom
9:14 Feudal Age
10:22 Double-Bit Axe
14:56 Horse Collar
17:50 Wheelbarrow
21:37 Castle Age
20:30 Scale Barding Armor
21:23 Forging
21:27 Gold Mining
24:21 Gold Shaft Mining
23:59 Bow Saw
25:26 Chain Barding Armor
26:00 Bloodlines
27:10 Iron Casting
32:28 Heavy Plow
Manueska
7:36 Loom
10:00 Feudal Age
10:34 Double-Bit Axe
15:06 Horse Collar
18:08 Wheelbarrow
23:09 Castle Age
21:47 Fletching
22:18 Gold Mining
23:50 Bodkin Arrow
24:18 Heavy Plow
23:43 Elite Skirmisher
25:22 Bow Saw
26:07 Padded Archer Armor
28:38 Ballistics
29:32 Leather Archer Armor
30:21 Stone Mining
33:09 Gold Shaft Mining
32:52 Forging
32:42 Scale Mail Armor
33:35 Thumb Ring
33:22 Pikeman
34:38 Chain Mail Armor
34:58 Iron Casting
34:45 Squires
34:58 Murder Holes
39:50 Imperial Age
aq.gjoel
0:43 Loom
13:24 Feudal Age
17:35 Castle Age
16:06 Double-Bit Axe
20:05 Bow Saw
Connection lost

Rejoining the realm…

Still unreachable

The connection could not be restored.

Session expired

The server has moved on; the page needs a fresh start.